AoeStats
← 无忧无虑

Black Forest

509243238Analyzed
4v4 RM · 6d ago on Sep 26, 2026· 25m 20s· 8 players
Game mode
Random Map
Map size
Large (8 player)
Population
200
Speed
Normal
Resources
Standard
Victory
Conquest
Starting age
Dark Age
Ending age
Imperial Age
RankedLock teamsTeams togetherTeam positionsShared explorationLock speedFull tech treeHidden civsTurbo modeCheats
Victory
Defeat
🇺🇸 Saxons · United States
915
+12
🇵🇪 Persians · Peru
872
+13
866
+14
🇺🇸 Jurchens · United States
715
+19
🇨🇳 Persians · China
829
-16
🇭🇰 Slavs · Hong Kong SAR China
806
-21
🇨🇳 Teutons · China
803
-37
🇺🇸 Saxons · United States
798
-14
songshu512
16:22 Feudal Age
16:57 Double-Bit Axe
17:23 Horse Collar
20:16 Gold Mining
The Venerable Bede
5:47 Loom
11:19 Feudal Age
13:04 Double-Bit Axe
13:13 Horse Collar
17:38 Castle Age
20:18 Bow Saw
21:48 Bow Saw
22:56 Heavy Plow
24:02 Wheelbarrow
An
2:12 Loom
11:56 Feudal Age
17:29 Castle Age
15:57 Double-Bit Axe
24:59 Horse Collar
无忧无虑
14:27 Feudal Age
17:52 Wheelbarrow
17:04 Town Watch
17:08 Double-Bit Axe
17:09 Horse Collar
20:34 Gold Mining
20:25 Man-at-Arms
24:55 Castle Age
24:41 Forging
24:32 Scale Mail Armor
24:52 Stone Mining
nameBURRITO
11:09 Feudal Age
12:21 Double-Bit Axe
12:19 Horse Collar
17:10 Gold Mining
19:47 Castle Age
18:28 Stone Mining
21:32 Bow Saw
22:35 Heavy Plow
26:30 Gold Shaft Mining
whythelongfaceimahorse
0:27 Loom
11:37 Feudal Age
15:44 Castle Age
14:10 Double-Bit Axe
16:49 Wheelbarrow
20:34 Redemption
Jota
0:27 Loom
11:51 Feudal Age
21:05 Castle Age
19:25 Stone Mining
19:31 Gold Mining
19:30 Double-Bit Axe
19:28 Horse Collar
22:18 Bow Saw
22:17 Heavy Plow
SLK Björn Ironside
11:47 Feudal Age
16:54 Castle Age
16:36 Horse Collar
16:45 Double-Bit Axe
22:39 Forging
23:37 Heavy Plow
Connection lost

Rejoining the realm…

Still unreachable

The connection could not be restored.

Session expired

The server has moved on; the page needs a fresh start.